 Dungeon Crawl Stone Soup version 0.28-a0-1202-g1e6f1b2279 (webtiles) character file.

Game seed: 5004960307396924768

29 Ijustatesigmund the Skirmisher (level 3, 0/33 HPs)
             Began as a Hill Orc Fighter on Dec 20, 2021.
             Killed from afar by Natasha (15 damage)
             ... with a puff of flame
             ... on level 2 of the Dungeon.
             The game lasted 00:02:02 (1921 turns).

Ijustatesigmund the Skirmisher (Hill Orc Fighter)   Turns: 1921, Time: 00:02:03

Health: 0/33       AC:  8    Str: 18    XL:     3   Next: 16%
Magic:  3/3        EV:  9    Int: 10    God:
Gold:   57         SH:  4    Dex: 10    Spells: 2/2 levels left

rFire   . . .      SeeInvis .   a - +0 war axe
rCold   . . .      Faith    .   c - +0 buckler
rNeg    . . .      Spirit   .   b - +0 scale mail
rPois   .          Reflect  .   (no helmet)
rElec   .          Harm     .   (no cloak)
rCorr   .          Rampage  .   f - +0 pair of gloves
Will    .....                   (no boots)
Stlth   ..........              (no amulet)
HPRegen 0.11/turn               (no ring)
MPRegen 0.08/turn               (no ring)

@: mighty
A: no striking features
a: no special abilities


You were on level 2 of the Dungeon.
You visited 1 branch of the dungeon, and saw 3 of its levels.

You collected 57 gold pieces.

Inventory:

Hand Weapons
 a - a +0 war axe (weapon)
Armour
 b - a +0 scale mail (worn)
 c - a +0 buckler (worn)
 f - a +0 pair of gloves (worn)
Scrolls
 h - a scroll of enchant armour {unknown}
 j - a scroll of amnesia {unknown}
Potions
 e - a potion of cancellation
 g - a potion of heal wounds {unknown}
 i - a potion of haste {unknown}


   Skills:
 + Level 4.2 Fighting
 * Level 3.8 Axes
 + Level 3.5 Armour
 - Level 3.2 Shields


You had 2 spell levels left.
You didn't know any spells.
Your spell library was empty.

Dungeon Overview and Level Annotations

Branches:
Dungeon (3/15)

Altars:

Annotations:
D:2 Natasha


Message History

a +0 dagger; 5 stones You open the door.
A ball python and Natasha come into view.
Natasha is carrying a wand of flame (25).
Natasha hisses angrily.
The ball python hisses angrily.
Natasha zaps a wand.
The puff of flame misses you.
There is an open door here.
Natasha zaps a wand.
The puff of flame hits you.
The ball python bites you but does no damage.
The ball python grabs you. The ball python constricts you.
You slash the ball python!
You kill the ball python!
Natasha casts a spell.
You miss Natasha. Natasha claws you but does no damage.
Natasha casts a spell at you. You resist with significant effort.
You closely miss Natasha. You hit the white imp but do no damage.
The white imp hits you but does no damage.
Natasha claws you!
You completely miss Natasha. You slash the white imp! The white imp misses you.
Natasha claws you. The white imp gestures at you. The puff of frost hits you.
You are too injured to fight recklessly!
You are too injured to fight recklessly!
You are too injured to fight recklessly!
You are too injured to fight recklessly!
You are too injured to fight recklessly!
You are too injured to fight recklessly!
You are too injured to fight recklessly!
You are too injured to fight recklessly!
You are too injured to fight recklessly!
You are too injured to fight recklessly!
You are too injured to fight recklessly!
You are too injured to fight recklessly!
You are too injured to fight recklessly!
You are too injured to fight recklessly!
You feel very mighty all of a sudden.
Natasha zaps a wand.
The puff of flame hits you!
You die...

#.##....#..##.##.#
#.............##.#
####.###..###.##.#
#........# ..|#.#
##.#..<...# ...#.#
.........#############
.........#.......#...#
.........#.....h5#.#.#
......##.# ♣♣.@#.#.#
..##.## .+ ♣⌠..'.#.#
.....# .# ♣♣†.#.#.##
..######.# .....#..#.##
.........#.......#.###.#
..##.....#########..#.##
..##.###.# #.##.#.##
#..#.###.### #....###
##.........# ####.#


You could see Natasha and a white imp (summoned).

Vanquished Creatures
  2 worms (D:2)
  A dart slug (D:3)
  2 ball pythons
  2 endoplasms
  A giant cockroach (D:2)
  A hobgoblin (D:1)
  4 goblins (D:1)
  4 kobolds
  4 rats
21 creatures vanquished.

Notes
Turn   | Place    | Note
-------+----------+-------------------------------------------
     0 | D:1      | Ijustatesigmund the Hill Orc Fighter began the quest for
                  | the Orb.
     0 | D:1      | Reached XP level 1. HP: 19/19 MP: 1/1
   183 | D:1      | Found a faded altar of an unknown god.
   426 | D:1      | Reached skill level 4 in Fighting
   426 | D:1      | Reached XP level 2. HP: 27/27 MP: 2/2
  1660 | D:2      | You fall into a shaft and drop 1 floor!
  1670 | D:3      | Reached XP level 3. HP: 33/33 MP: 3/3
  1913 | D:2      | Noticed Natasha
  1921 | D:2      | Killed from afar by Natasha

Illustrated notes

Levels and vault maps discovered:
D:1:      matt_arrival_grand_opening, layout_basic, basic_ecumenical_altar,
          minivault_11, minmay_pentomino_r2
D:2:      layout_loops_ring, kennysheep_generic_room_11, uniq_natasha
D:3:      layout_loops_corners, mainiacjoe_overflow_cross_hatched

Skill      XL: |  1 |
---------------+----+-----
Axes           | 3 |  3.8
Fighting       | 4 |  4.2
Armour         | |  3.5
Shields        | |  3.2

Action                   || total
-------------------------++-------
Melee: War axe           ||    68
  Use: Scroll            ||     4
       Potion            ||     1
Armor: Scale mail        ||    21
Dodge: Dodged            ||    27
Block: Buckler           ||    15

Table legend: (Time is in decaauts)
 A = Elapsed time spent in this place.
 B = Non-inter-level travel time spent in this place.
 C = Inter-level travel time spent in this place.
 D = Time resting spent in this place.
 E = Time spent auto-exploring this place.
 F = Levels seen in this place.
 G = Mean time per level.
                   A        B        C        D        E       F      G
               +--------+--------+--------+--------+--------+-----+--------+
         Total |   1944 |   1901 |     43 |    293 |   1405 |   3 |  648.0 |
       Dungeon |   1944 |   1901 |     43 |    293 |   1405 |   3 |  648.0 |
               +--------+--------+--------+--------+--------+-----+--------+

Top non-repeatable levels by time:
     D:1: 1213 daAuts
     D:2: 710 daAuts
     D:3: 20 daAuts
